 Dungeon Sprint DCSS version 0.20.1-1-g8b1a95d (console) character file.

58 hilaritas the Skirmisher (level 4, -1/26 HPs)
             Began as a Vine Stalker Fighter on Sept 24, 2017.
             Killed by divine providence
             ... invoked by an oklob sapling priest
              (11 damage)
             ... in the Dungeon (Sprint IV: "Fedhas' Mad Dash").
             The game lasted 00:00:36 (193 turns).

hilaritas the Skirmisher (Vine Stalker Fighter)      Turns: 193, Time: 00:00:38

Health: -1/26      AC:  7    Str: 20    XL:     4   Next: 2%
Magic:  0/5        EV:  7    Int:  8    God:
Gold:   52         SH: 10    Dex: 13    Spells: 3/3 levels left

rFire    . . .     SeeInvis .   a - +0 war axe
rCold    . . .     Gourm    .   c - +0 shield
rNeg     . . .     Faith    .   b - +0 scale mail
rPois    .         Spirit   +   (no helmet)
rElec    .         Reflect  .   (no cloak)
rCorr    .         Harm     .   (no gloves)
MR       .....     NoTele   +   (no boots)
Stlth    ..........             l - amulet of invisibility {+Inv}
Regen    0.5/turn               (no ring)
MPRegen  0.1/turn               (no ring)

@: very slightly contaminated, invisible
A: fangs 2, regeneration 1, magic shield, antimagic bite, no potion heal 3, rot
immunity
a: no special abilities


You were in the Dungeon.
You were not hungry.

You visited 1 branch You collected 52 gold pieces.

Inventory:

Hand Weapons
 a - a +0 war axe (weapon)
Armour
 b - a +0 scale mail (worn)
 c - a +0 shield (worn)
Jewellery
 l - the amulet of invisibility (around neck) {+Inv}
   (You found it in the Dungeon)

   [amulet of nothing]

   It lets you turn invisible.
Scrolls
 k - a scroll of blinking
 m - a scroll of amnesia {unknown}
Potions
 d - a potion of might
 e - a potion of curing
 h - a potion of haste
 i - 2 potions of magic
 j - a potion of berserk rage
Comestibles
 f - a bread ration
 g - a meat ration


   Skills:
 + Level 4.5 Fighting
 + Level 2.9 Axes
 + Level 4.1 Armour
 + Level 4.5 Shields


You had 3 spell levels left.
You didn't know any spells.

Dungeon Overview and Level Annotations

Branches:
Dungeon (1/1)

Altars:
Cheibriados
Dithmenos
Elyvilon
Gozag
Hepliaklqana
Kikubaaqudgha
Makhleb
Nemelex Xobeh
Okawaru
Qazlal
Ru
Sif Muna
Trog
Uskayaw
Vehumet
Xom
Yredelemnul
Zin
The Shining One
Beogh
Jiyva
Lugonu

Annotations:
D exclusion: oklob sapling


Innate Abilities, Weirdness & Mutations

You have extremely sharp teeth.
Your natural rate of healing is unusually fast.
When hurt, damage is shared between your health and your magic reserves.
Your bite disrupts and absorbs the magic of your enemies.
Potions cannot restore your health.
You are immune to rotting.


Message History

You open the door.
Found ten altars.
Marking area around the oklob sapling priest as unsafe for travelling.
An oklob sapling priest comes into view.
Found a viscous altar of Jiyva and a bloodstained altar of Trog.
There is an open door here.
Found three altars.
Found two altars.
Found three altars.
Found a radiant altar of Vehumet and a corrupted altar of Lugonu.
There is a burning altar of Makhleb here.
There is a sparkling altar of Nemelex Xobeh here.
You catch the helpless oklob sapling priest completely off-guard!
You hit the oklob sapling priest but do no damage.
You bite the oklob sapling priest, but do no damage.
The oklob sapling priest spits acid at you.
The splash of acid hits you!
You are splashed with acid!
The acid burns!
The oklob sapling priest calls down the wrath of its god upon you.
Something smites you!
You die...

########################
....#.....#.⌠._._._._.⌠.
....'.#...'.._._._._._..
....#.#...#..._.@P_._...
########+##.._._._._._..
#..._._._._.⌠.
##############


You could see an oklob sapling priest.

Vanquished Creatures
  An oklob sapling (D)
  A worker ant (D)
  A river rat (D)
  A rat (D)
4 creatures vanquished.

Notes
Turn   | Place    | Note
-------+----------+-------------------------------------------
     0 | D        | hilaritas the Vine Stalker Fighter began the quest for the Orb.
     0 | D        | Reached XP level 1. HP: 11/11 MP: 2/2
    11 | D        | Reached XP level 2. HP: 9/16 MP: 1/3
   153 | D        | Noticed an oklob sapling
   156 | D        | Killed an oklob sapling
   156 | D        | Reached XP level 3. HP: 21/21 MP: 4/4
   161 | D        | Gained mutation: Your natural rate of healing is unusually fast. [Vine Stalker growth]
   161 | D        | Reached XP level 4. HP: 21/26 MP: 3/5
   185 | D        | Found an opulent altar of Gozag.
   185 | D        | Found a hazy altar of Hepliaklqana.
   185 | D        | Found a burning altar of Makhleb.
   185 | D        | Found a roughly hewn altar of Beogh.
   185 | D        | Found a sparkling altar of Nemelex Xobeh.
   185 | D        | Found a snail-covered altar of Cheibriados.
   185 | D        | Found a sacrificial altar of Ru.
   185 | D        | Found a deep blue altar of Sif Muna.
   185 | D        | Found a shimmering altar of Xom.
   185 | D        | Found a basalt altar of Yredelemnul.
   186 | D        | Found a viscous altar of Jiyva.
   186 | D        | Found a bloodstained altar of Trog.
   186 | D        | Noticed an oklob sapling priest
   187 | D        | Found an iron altar of Okawaru.
   187 | D        | Found a shadowy altar of Dithmenos.
   187 | D        | Found a glowing silver altar of Zin.
   188 | D        | Found a hide-covered altar of Uskayaw.
   188 | D        | Found an ancient bone altar of Kikubaaqudgha.
   189 | D        | Found a stormy altar of Qazlal.
   189 | D        | Found a glowing golden altar of the Shining One.
   189 | D        | Found a white marble altar of Elyvilon.
   190 | D        | Found a radiant altar of Vehumet.
   190 | D        | Found a corrupted altar of Lugonu.
   193 | D        | Killed from afar by an oklob sapling priest

Skill      XL: |  1  2  3 |
---------------+----------+-----
Fighting       | 3 4 |  4.5
Axes           | 2 |  2.9
Armour         | 3 4 |  4.1
Shields        | 3 4 |  4.5

Action                   |  1- 3 |  4- 6 || total
-------------------------+-------+-------++-------
Melee: War axe           |    11 |     1 ||    12
       Bite              |     1 |     1 ||     2
 Abil: Evoke Invisibilit |       |     1 ||     1
 Stab: Invisible         |       |     1 ||     1
Armor: Scale mail        |     2 |       ||     2
Dodge: Dodged            |     2 |       ||     2
Block: Shield            |     3 |       ||     3
